 Dungeon Crawl Stone Soup version 0.19-a0-1608-g4cf22de (webtiles) character file.

67 Alarkh the Grave Robber (level 3, -16/24 HPs)
             Began as a Mummy Necromancer on Sept 17, 2016.
             Killed from afar by an orc wizard (18 damage)
             ... with a puff of flame
             ... on level 3 of the Dungeon.
             The game lasted 00:02:55 (1678 turns).

Alarkh the Grave Robber (Mummy Necromancer)         Turns: 1678, Time: 00:02:56

Health: -16/24     AC:  2    Str: 11    XL:     3   Next: 98%
Magic:  0/7        EV: 12    Int: 15    God:
Gold:   130        SH:  0    Dex: 12    Spells: 2 memorised, 3 levels left

rFire  x . .     SeeInvis .     j - +3 dagger (curse)
rCold  + . .     Gourm    .     a - +0 robe (curse)
rNeg   + + +     Faith    .     (no shield)
rPois  ∞         Spirit   .     (no helmet)
rElec  .         Dismiss  .     (no cloak)
rCorr  .         Reflect  .     (no gloves)
MR     .....     Harm     .     (no boots)
Stlth  ++........               (no amulet)
                                (no ring)
                                (no ring)

@: very slow
A: no food or potions, fire vulnerability, cold resistance 1, negative energy
resistance 3, torment resistance, unbreathing
a: no special abilities


You were on level 3 of the Dungeon.
You were not hungry.

You visited 1 branch of the dungeon, and saw 3 of its levels.

You collected 130 gold pieces.

Inventory:

Hand Weapons
 d - a cursed +0 short sword
 j - a cursed +3 dagger (weapon)
Armour
 a - a cursed +0 robe (worn)
Scrolls
 c - a scroll of teleportation {unknown}
 e - a scroll of fear {unknown}
 f - 3 scrolls of remove curse
 g - 3 scrolls of identify {unknown}
 h - a scroll of noise
 i - a scroll of magic mapping {unknown}
 k - 2 scrolls of amnesia {unknown}
 l - a scroll of enchant armour {unknown}
 m - a scroll of fog {unknown}
 n - a scroll of recharging {unknown}
 o - a scroll of enchant weapon {unknown}
Books
 b - a book of Necromancy

   Spells                             Type                      Level
   a - Pain                           Necromancy                   1
   b - Animate Skeleton               Necromancy                   1
   c - Vampiric Draining              Necromancy                   3
   d - Regeneration                   Charms/Necromancy            3
   e - Animate Dead                   Necromancy                   4
   f - Control Undead                 Necromancy                   4


   Skills:
 - Level 1.5 Dodging
 - Level 1.5 Stealth
 + Level 2.9 Spellcasting
 + Level 5.0 Necromancy


You had 3 spell levels left.
You knew the following spells:

 Your Spells              Type           Power        Failure   Level  Hunger
a - Pain                  Necr           ###.         2%          1    N/A
b - Vampiric Draining     Necr           ###.......   10%         3    N/A

Dungeon Overview and Level Annotations

Branches:
Dungeon (3/15)

Altars:
Cheibriados
Nemelex Xobeh
Qazlal
Vehumet
The Shining One


Innate Abilities, Weirdness & Mutations

You do not eat or drink.
Your flesh is vulnerable to fire.
You are immune to poison.
Your flesh is cold resistant. (rC+)
You are immune to negative energy. (rN+++)
You are immune to unholy pain and torment.
You can survive without breathing.


Message History

Confirm with . or Enter, or press ? or * to list all spells.
Aiming: Pain
Press: ? - help, Shift-Dir - straight line, f/p - goblin
Aim: a goblin, wielding a club (chance to defeat MR: 87%) Nothing appears to happen.
Something hits you.
* * * LOW HITPOINT WARNING * * *
Casting: Pain
Confirm with . or Enter, or press ? or * to list all spells.
Aiming: Pain
Press: ? - help, Shift-Dir - straight line, f/p - goblin
Aim: a goblin, wielding a club (chance to defeat MR: 87%) Nothing appears to happen.
Something hits you.
* * * LOW HITPOINT WARNING * * *
You miss something. Something hits you but does no damage.
You hit something.
You hear some strange, mumbled words.
A puff of flame appears from out of thin air!
The puff of flame hits you! The fire burns you terribly!
Ouch! That really hurt!
You die...

........# ##..##
......... #.... #....#.#
#...# #..###.# #...#
#....#.# #...#
#.##.#.##########..#####
#.#.......†..........<.#
#...
.....#.####.#.##.#.###.#
#... .#.....# #†#.##@#.#
#.# ... .....#.#
#.#.##{#.###.# ..
#.#..#.# #.#.##g#.....#
#. #.#..#.#
#.#.##o#.##..# # #.
#.#..#.# #.#.##.#!##..#
#.#o #.....
..#.##.#.##..#######.#.
#.#.##!#...............
.........g##..#########.
##.....................%


You could see an orc and a goblin.

Vanquished Creatures
  An adder (D:2)
  A worm (D:2)
  2 dart slugs (D:1)
  A leopard gecko (D:1)
  2 orcs (D:3)
  A giant cockroach (D:1)
  5 goblins
  2 hobgoblins (D:2)
  4 jackals (D:3)
  A quokka (D:3)
  2 ball pythons
  5 bats
  4 frilled lizards
  10 kobolds
  8 rats
49 creatures vanquished.

Notes
Turn   | Place    | Note
-------+----------+-------------------------------------------
     0 | D:1      | Alarkh the Mummy Necromancer began the quest for the Orb.
     0 | D:1      | Reached XP level 1. HP: 13/13 MP: 3/3
     3 | D:2      | Found a faded altar of an unknown god.
    28 | D:2      | Reached XP level 2. HP: 4/19 MP: 0/5
    39 | D:2      | Became a worshipper of Cheibriados the Contemplative
    39 | D:2      | Reached * piety under Cheibriados
    39 | D:2      | Fell from the grace of Cheibriados
   349 | D:2      | Found a sparkling altar of Nemelex Xobeh.
   349 | D:2      | Found a glowing golden altar of the Shining One.
   350 | D:2      | Found a radiant altar of Vehumet.
   668 | D:1      | Reached XP level 3. HP: 24/24 MP: 5/7
  1038 | D:2      | Learned a level 3 spell: Vampiric Draining
  1175 | D:2      | Found a stormy altar of Qazlal.
  1601 | D:3      | Reached skill level 5 in Necromancy
  1678 | D:3      | Killed from afar by an orc wizard

Vault maps used:
D:1:      dpeg_arrival_pits, minmay_strange_pillars, hangedman_decor_points
D:2:      gammafunk_temple_overflow_claw, grunt_qazlal_clouds,
          ecumenical_altar_2
D:3:      corexii_leaking_fountain

Skill      XL: |  1  2  3 |
---------------+----------+-----
Necromancy     | 5 |  5.0
Dodging        | |  1.5
Stealth        | |  1.5
Spellcasting   | |  2.9

Action                   || total
-------------------------++-------
Melee: Short sword       ||    15
       Unarmed           ||     2
       Dagger            ||    23
 Cast: Pain              ||    93
Invok: Renounce Religion ||     1
  Use: Scroll            ||     3
 Stab: Sleeping          ||     1
Armor: Robe              ||    16
Dodge: Dodged            ||    47
